cohdb
Replays
Latest Replays
All Replays
Popular Replays
Top Player Replays
Match Explorer
How It Works
Community
CoH3 Stats
Reddit
Sign in to upload your games and track your stats! →
Sign in with Steam
Match 45680904
Unlisted
Match 45680904
Overview
Messages
Build Orders
End
Engineer Squad
Construct Weapon Support Center
M1919 Machine Gun Team
M1919 Machine Gun Team
Bazooka Squad
Mechanized Support Center
M3 Armored Personnel Carrier
Selects Heavy Weapons
Selects Assault Carriers
.30 cal Machine Gun
Designate Forward Repair Station
M3 Assault Carrier
Forward Retreat Point
Selects Exchangeable Parts
Bazooka Squad
Mortar Pit
Construct Tank Depot
.30 cal Machine Gun
.30 cal Machine Gun
.30 cal Machine Gun
M4(105) Sherman Bulldozer
.30 cal Machine Gun
Improvised Armor
Designate Forward Repair Station
Rapid Repairs
.30 cal Machine Gun
Guh
Minimizen
lem22
thicol14
Boneless
Tanzeel
Herogus3xD
BazookaJoe
0
0
Comments
sign in to comment!
No comments posted yet!